 Dungeon Crawl Stone Soup version 0.28.0-45-g0d030f2227 (webtiles) character file.

Game seed: 16035527156751874954

56 Descartes the Ruffian (level 3, -5/33 HPs)
             Began as a Troll Warper on Apr 5, 2022.
             Killed by a bolt of acid (38 damage)
             ... invoked by the enmity of Fedhas Madash
             ... on level 2 of the Dungeon.
             The game lasted 00:01:54 (1290 turns).

Descartes the Ruffian (Troll Warper)                Turns: 1290, Time: 00:01:55

Health: -5/33      AC:  4    Str: 19    XL:     3   Next: 69%
Magic:  3/3        EV: 10    Int: 11    God:
Gold:   115        SH:  0    Dex:  9    Spells: 2/4 levels left

rFire   . . .      SeeInvis .     - Unarmed
rCold   . . .      Faith    .   (no shield)
rNeg    . . .      Spirit   .   a - +0 robe
rPois   .          Reflect  .   (helmet restricted)
rElec   .          Harm     .   (no cloak)
rCorr   .          Rampage  .   (gloves unavailable)
Will    .....                   (boots unavailable)
Stlth   +.........              (no amulet)
HPRegen 0.91/turn               (no ring)
MPRegen 0.08/turn               (no ring)

@: no status effects
A: large, unfitting armour, claws 3, regeneration 1, shaggy fur 1, tough skin 1
a: no special abilities


You were on level 2 of the Dungeon.
You visited 1 branch of the dungeon, and saw 2 of its levels.

You collected 115 gold pieces.

Inventory:

Missiles
 c - 5 boomerangs of dispersal (quivered)
 e - 43 stones
Armour
 a - a +0 robe (worn)
Scrolls
 b - a scroll of blinking
 f - 2 scrolls of amnesia {unknown}
 g - a scroll of noise {unknown}
 j - a scroll of teleportation {unknown}
Potions
 d - 2 potions of curing {unknown}
 h - a potion of mutation {unknown}
 i - 2 potions of haste {unknown}
 k - a potion of degeneration {unknown}
 l - a potion of flight {unknown}
 m - a potion of magic {unknown}


   Skills:
 - Level 1.5 Fighting
 - Level 0.8 Throwing
 + Level 2.5 Dodging
 + Level 2.8 Unarmed Combat
 - Level 1.2 Spellcasting
 + Level 2.7 Translocations


You had 2 spell levels left.
You knew the following spells:

 Your Spells              Type           Power      Damage    Failure   Level
a - Blink                 Tloc           12%        N/A       16%         2

Your spell library contained the following spells:

 Spells                   Type           Power      Damage    Failure   Level
 Gell's Gravitas          Tloc           6%         N/A       30%         3
 Lesser Beckoning         Tloc           6%         N/A       30%         3
 Teleport Other           Tloc           6%         N/A       30%         3
 Manifold Assault         Tloc           6%         N/A       96%         5


Dungeon Overview and Level Annotations

Branches:
Dungeon (2/15)

Altars:
Fedhas

Shops:
D:2 =


Innate Abilities, Weirdness & Mutations

You are too large for most types of armour.
You have claws for hands.
Your natural rate of healing is unusually fast.
You are covered in fur. (AC +1)
You have tough skin. (AC +1)


Message History

No target in view!
No target in view!
No target in view!
No target in view!
No target in view!
No target in view!
No target in view!
No target in view!
No target in view!
No target in view!
A kobold is nearby!
Unknown command.
You scratch the kobold.
You kill the kobold!
No target in view!
No target in view!
No target in view!
No target in view!
No target in view!
No target in view!
No target in view!
No target in view!
No target in view!
No target in view!
No target in view!
No target in view!
e - 43 stones (gained 2);
d - 2 cyan potions (gained 1)
You now have 115 gold pieces (gained 16).
Things that are here:
a +0 short sword; a kobold corpse
Found a robe.
No target in view!
Found Domuamm's Jewellery Shop.
There is an entrance to Domuamm's Jewellery Shop here.
You can access your shopping list by pressing '$'.
m - a bubbling cyan potion Fedhas invokes nature against you.
The bolt of acid hits you!!!
Ouch! That really hurt!
You die...

#.......## #.####..# #.#.....# #
# #.#....## # #.# #......# #.
###.### ###...## #.########.. ..#
#.[.# ##........#.# #.# #...#
..........#.# #@#########...####
.###.........###.................
...........†.....................
. #....)...#..#.#................
.##..)...<......#..#######...###.
...........#..###..# #...# #.
.#..###..###..###..# ##...###.
....###............# #.....)..
......##.###.####.## #.....###


You could see the enmity of Fedhas Madash (unaware).

Vanquished Creatures
  An adder (D:2)
  2 worms (D:2)
  A dart slug (D:2)
  5 ball pythons (D:1)
  2 endoplasms (D:1)
  A goblin (D:2)
  2 hobgoblins
  7 jackals
  6 kobolds
  A bat (D:1)
  2 frilled lizards
  5 rats
35 creatures vanquished.

Notes
Turn   | Place    | Note
-------+----------+-------------------------------------------
     0 | D:1      | Descartes the Troll Warper began the quest for the Orb.
     0 | D:1      | Reached XP level 1. HP: 19/19 MP: 1/1
   199 | D:1      | Reached XP level 2. HP: 17/27 MP: 2/2
   237 | D:1      | Found a faded altar of an unknown god.
   246 | D:1      | Prayed at the altar of an unknown god.
   246 | D:1      | Became a worshipper of Fedhas Madash
   246 | D:1      | Reached * piety under Fedhas
   459 | D:1      | Fell from the grace of Fedhas
   871 | D:1      | Learned a level 2 spell: Blink
   970 | D:2      | Reached XP level 3. HP: 30/33 MP: 3/3
  1270 | D:2      | Found Domuamm's Jewellery Shop.
  1290 | D:2      | Killed by a bolt of acid

Illustrated notes

Levels and vault maps discovered:
D:1:      saegor_arrival_under_anarchy, layout_basic,
          nicolae_ecumenical_snake_handling
D:2:      layout_loops_cross, serial_shops, nicolae_shop_stone,
          kennysheep_doodads

Skill      XL: |  1 |
---------------+----+-----
Dodging        | 2 |  2.5
Fighting       | |  1.5
Throwing       | |  0.8
Unarmed Combat | |  2.8
Spellcasting   | |  1.2
Translocations | |  2.7

Action                   || total
-------------------------++-------
Melee: Unarmed           ||    71
       Punch             ||     1
Invok: Renounce Religion ||     1
Armor: Robe              ||    23
Dodge: Dodged            ||    45
